 Dungeon Crawl Stone Soup version 0.21.1-1-g345015fe64 (webtiles) character file.

139 Oravi the Cutter (level 5, -6/35 HPs)
             Began as a Halfling Fighter on Mar 29, 2018.
             Mangled by a gnoll
             ... wielding a +0 whip of electrocution
              (8 damage)
             ... on level 2 of the Dungeon.
             The game lasted 00:10:26 (2406 turns).

Oravi the Cutter (Halfling Fighter)                 Turns: 2406, Time: 00:10:27

Health: -6/35      AC:  6    Str: 18    XL:     5   Next: 46%
Magic:  5/5        EV:  9    Int:  6    God:
Gold:   84         SH:  9    Dex: 14    Spells: 4/4 levels left

rFire    . . .     SeeInvis .   a - +0 rapier
rCold    . . .     Gourm    .   c - +0 shield
rNeg     . . .     Faith    .   b - +0 scale mail
rPois    .         Spirit   .   (no helmet)
rElec    .         Reflect  .   (no cloak)
rCorr    .         Harm     .   (no gloves)
MR       .....                  (no boots)
Stlth    ..........             (no amulet)
HPRegen  0.11/turn              (no ring)
MPRegen  0.09/turn              (no ring)

@: no status effects
A: small, mutation resistance 1
a: no special abilities


You were on level 2 of the Dungeon.
You were not hungry.

You visited 1 branch of the dungeon, and saw 3 of its levels.

You collected 84 gold pieces.

Inventory:

Hand Weapons
 a - a +0 rapier (weapon)
Missiles
 k - 17 sling bullets
 l - 48 stones (quivered)
Armour
 b - a +0 scale mail (worn)
 c - a +0 shield (worn)
Wands
 o - a wand of acid (7)
Scrolls
 e - 3 scrolls of identify {unknown}
 m - a scroll of enchant armour {unknown}
 n - a scroll of fear {unknown}
Potions
 d - a potion of might
 g - a potion of curing {unknown}
 h - a potion of agility {unknown}
 i - a potion of brilliance {unknown}
 j - 2 potions of haste {unknown}
 q - 2 potions of flight {unknown}
Comestibles
 f - 3 rations
 p - 2 chunks of flesh


   Skills:
 - Level 2.6 Fighting
 + Level 6.3 Short Blades
 - Level 3.2 Armour
 - Level 3.2 Shields


You had 4 spell levels left.
You didn't know any spells.

Dungeon Overview and Level Annotations

Branches:
Dungeon (3/15)

Altars:
Elyvilon


Innate Abilities, Weirdness & Mutations

You are small and have problems with some larger weapons.
You are somewhat resistant to further mutation.


Message History

The gnoll hits you with a whip of electrocution.
You climb upwards.
There is a stone staircase leading down here.
You closely miss the gnoll. You block the gnoll's attack.
You hit the gnoll but do no damage. The gnoll closely misses you.
You barely miss the gnoll. You block the gnoll's attack.
You hit the gnoll but do no damage. You closely miss the gnoll.
The gnoll hits you but does no damage.
You barely miss the gnoll. You block the gnoll's attack.
You hit the gnoll.
The gnoll is lightly wounded.
The gnoll closely misses you.
You hit the gnoll but do no damage.
The gnoll is lightly wounded.
The gnoll hits you but does no damage.
You are electrocuted!
* * * LOW HITPOINT WARNING * * *
You hit the gnoll.
The gnoll is moderately wounded.
The gnoll hits you with a whip of electrocution!
You die...

.....#.##.#.###..#.###.......####
..#.%).........#.#..###......#
.............#.#.##.########### #
...............#.##...###8###8###
........#........#######.........
..########........### #⌠.........
..## ###.##.....####.........
...##### #.###..#..####8###8###
.......#####.# #@g....######### #
######.....#.###......#......#
##....#...#......#......# ##
#...............#......#
.######....###...............#
..............#.......#......#
#.....#....##.##.............#
.)<........##..######........#
..)........###...# ##>......##


You could see a gnoll.

Vanquished Creatures
  Robin (D:3)
  A gnoll (D:1)
  3 adders
  2 worms (D:2)
  3 dart slugs (D:1)
  4 orcs (D:2)
  9 giant cockroaches
  11 goblins
  9 hobgoblins
  4 jackals (D:1)
  5 kobolds
  A quokka (D:2)
  6 bats
  10 frilled lizards
  6 rats
75 creatures vanquished.

Notes
Turn   | Place    | Note
-------+----------+-------------------------------------------
     0 | D:1      | Oravi the Halfling Fighter began the quest for the Orb.
     0 | D:1      | Reached XP level 1. HP: 15/15 MP: 1/1
   313 | D:1      | Reached skill level 3 in Short Blades
   404 | D:1      | Reached XP level 2. HP: 19/20 MP: 2/2
   489 | D:1      | Reached skill level 4 in Short Blades
   489 | D:1      | Reached XP level 3. HP: 25/25 MP: 3/3
  1080 | D:1      | Reached XP level 4. HP: 25/30 MP: 4/4
  1265 | D:2      | Found a white marble altar of Elyvilon.
  1313 | D:2      | Reached skill level 5 in Short Blades
  2084 | D:3      | Reached XP level 5. HP: 35/35 MP: 5/5
  2086 | D:3      | Noticed Robin
  2090 | D:3      | Reached skill level 6 in Short Blades
  2112 | D:3      | Killed Robin
  2406 | D:2      | Mangled by a gnoll

Skill      XL: |  1  2  3  4  5 |
---------------+----------------+-----
Short Blades   | 3 4 5 6 |  6.3
Fighting       | |  2.6
Armour         | |  3.2
Shields        | |  3.2

Action                   |  1- 3 |  4- 6 || total
-------------------------+-------+-------++-------
Melee: Rapier            |   101 |   145 ||   246
  Eat: Chunk             |     1 |     4 ||     5
Armor: Scale mail        |    34 |    50 ||    84
Dodge: Dodged            |    33 |    48 ||    81
Block: Shield            |    60 |    66 ||   126
